 Dungeon Crawl Stone Soup version 0.28.0 (webtiles) character file.

Game seed: 9499021842324592047

5870 croobank the Covert (level 10, -5/51 HPs)
             Began as a Felid Delver on Feb 14, 2022.
             Was a High Priest of Dithmenos.
             Slain by an orc warrior (23 damage)
             ... on level 2 of the Orcish Mines on Feb 15, 2022.
             The game lasted 01:30:54 (15233 turns).

croobank the Covert (Felid Delver)                 Turns: 15233, Time: 01:30:55

Health: -5/51      AC:  2    Str: 12    XL:     10   Next: 52%
Magic:  11/11      EV: 48    Int: 13    God:    Dithmenos [*****.]
Gold:   1002       SH:  0    Dex: 23    Spells: 9/9 levels left
                                        Lives:  0   Deaths: 3

rFire   . . .      SeeInvis +     - Unarmed
rCold   . . .      Faith    .   (shield unavailable)
rNeg    . . .      Spirit   .   (armour unavailable)
rPois   .          Reflect  .   (helmet unavailable)
rElec   .          Harm     .   (cloak unavailable)
rCorr   .          Rampage  .   (gloves unavailable)
Will    +....                   (boots unavailable)
Stlth   ++++++++++              n - amulet of the acrobat
HPRegen 0.17/turn               r - +6 ring of dexterity
MPRegen 0.12/turn               m - +4 ring of evasion

@: acrobatic, wreathed by umbra, quick
A: very small, claws 1, fangs 3, see invisible, speed 1, shaggy fur 2, stealthy
paws, no weapons or thrown items, no armour, multi-lived
a: Renounce Religion, Shadow Step, Shadow Form


You were on level 2 of the Orcish Mines.
You worshipped Dithmenos.
Dithmenos was extremely pleased with you.
You visited 2 branches of the dungeon, and saw 14 of its levels.

You collected 1050 gold pieces.
You spent 48 gold pieces at shops.

Inventory:

Missiles
 h - 276 stones
 j - 38 bolts
Jewellery
 l - a ring of positive energy
 m - a +4 ring of evasion (right paw)
 n - an amulet of the acrobat (around neck)
 q - a ring of ice
 r - a +6 ring of dexterity (left paw)
 B - a +6 ring of dexterity
Wands
 f - a wand of flame (7)
 v - a wand of acid (2)
Scrolls
 a - 3 scrolls of fog
 b - a scroll of magic mapping
 o - 2 scrolls of vulnerability
 p - a scroll of enchant armour
 u - a scroll of identify
 w - a scroll of holy word
Potions
 d - a potion of lignification
 g - 2 potions of magic
 i - 3 potions of mutation
 k - 2 potions of attraction
 s - 4 potions of brilliance
 t - 5 potions of curing


   Skills:
 + Level 10.0 Fighting
 + Level 12.4 Dodging
 + Level 14.6 Stealth
 + Level 9.7 Unarmed Combat


You had 9 spell levels left.
You didn't know any spells.
Your spell library contained the following spells:

 Spells                   Type           Power      Damage    Failure   Level
 Animate Skeleton         Necr           0%         N/A       30%         1
 Apportation              Tloc           0%         N/A       30%         1
 Summon Small Mammal      Summ           0%         N/A       30%         1
 Scorch                   Fire           0%         2d5       43%         2
 Animate Dead             Necr           0%         N/A       97%         4
 Flame Wave               Conj/Fire      0%         2d4       97%         4
 Borgnjor's Vile Clutch   Necr/Erth      0%         N/A       100%        5
 Fireball                 Conj/Fire      0%         3d3       100%        5
 Iskenderun's Battlesphe  Conj           0%         2d6       100%        5
 Conjure Ball Lightning   Conj/Air       0%         3x3d6     100%        6
 Death Channel            Necr           0%         N/A       100%        6
 Summon Cactus Giant      Summ           0%         N/A       100%        6
 Orb of Destruction       Conj           0%         9d5       100%        7


Dungeon Overview and Level Annotations

Branches:
Dungeon (12/15)            Temple (0/1) D:6            Lair (0/6) D:8
    Orc (2/2) D:11            Elf (0/3) Orc:2

Altars:
Dithmenos
Makhleb
Nemelex Xobeh
Ru
Sif Muna
Vehumet

Shops:
D:7 !?[(


Innate Abilities, Weirdness & Mutations

You have sharp claws.
You have razor-sharp teeth.
You have supernaturally acute eyesight. (SInv)
You cover ground quickly. (Speed+)
You are covered in thick fur. (AC +2)
Your paws help you pounce on unaware monsters.
You are incapable of wielding weapons or throwing items.
You cannot wear armour.
You gain extra lives every three experience levels.


Message History

A warg is nearby!
A warg is nearby!
You start resting.
An orc knight is nearby!
You start resting.
An orc knight is nearby!
Okay, then.
Okay, then.
Okay, then.
The orc shouts!
You hear a shout!
The orc priest shouts!
An orc warrior comes into view. It is wielding a +0 halberd.
The orc warrior shouts!
You hear a shout! x2
An orc comes into view. It is wielding a +0 hand axe.
The orc priest calls down the wrath of Beogh upon you.
Beogh smites you!
The orc shouts! x2; The orc warrior shouts!
You hear a shout!
You barely miss the orc. Your bite misses the orc.
You hear a shout! x2
You scratch the orc.
The orc is moderately wounded.
The cyclops throws a large rock.
The large rock closely misses you. The orc warrior closely misses you.
The orc completely misses you.
There is an escape hatch in the floor here.
The orc warrior hits you with a +0 halberd!
* * * LOW HITPOINT WARNING * * *
The orc completely misses you. The orc priest closely misses you.
You slide downwards.
The hatch slams shut behind you. The orc wizard closely misses you. x2
The orc priest shouts!
Okay, then.
You feel better.
You hear a shout!
The orc warrior closely misses you. The orc completely misses you.
The orc wizard points at you and mumbles some strange words.
You resist with almost no effort. The orc wizard misses you.
The orc priest looks braver for a moment.
The orc priest misses you.
The orc warrior hits you from afar with a +0 halberd!!
You die...

*****##* ###########
*,*,.#.###...#...#.##
,,,.............ooo.#
,,..............@.o.#
,.>.......$^....o...#
...................##
...................#
............<......##
....................#
................o...#
.........o..........#
....................#


You could see an orc warrior, 2 orc priests, 3 orc wizards and an orc.

Vanquished Creatures
  A boulder beetle (D:8)
  A two-headed ogre (D:11)
  A death yak (D:8)
  6 cyclopes
  A centaur zombie (D:11)
  2 hornets
  3 trolls
  A wraith (D:11)
  2 wyverns (D:9)
  2 vampire mosquitoes (D:8)
  2 steam dragons
  2 wargs (Orc:1)
  2 black bears (D:7)
  9 orc warriors
  A hornet zombie (D:6)
  A sky beast (D:5)
  2 ice beasts
  3 wolves (Orc:1)
  9 ogres
  4 centaurs
  Blork the orc (D:6)
  A bullfrog (D:7)
  3 kobold brigands
  A scorpion (D:5)
  A water moccasin zombie (D:7)
  4 wights (D:9)
  3 killer bees (D:4)
  4 howler monkeys
  3 jellies (D:6)
  3 orc priests
  A centaur skeleton (D:5)
  A gnoll shaman (D:4)
  5 hounds
  4 iguanas
  14 orc wizards
  3 howler monkey zombies
  14 gnolls
  5 adders
  A shadow imp (D:6)
  2 ufetubi
  2 worms
  4 dart slugs
  45 orcs
  8 endoplasms
  4 giant cockroaches
  14 goblins
  7 hobgoblins
  11 ball pythons
  8 bats
  4 frilled lizards
  21 kobolds
  3 rats
260 creatures vanquished.

Vanquished Creatures (collateral kills)
  A death yak (D:8)
  Urug (D:10)
2 creatures vanquished.

Vanquished Creatures (others)
  An orc wizard (Orc:2)
  An orc (D:10)
  2 plants (Orc:1)
4 creatures vanquished.

Grand Total: 266 creatures vanquished

Notes
Turn   | Place    | Note
-------+----------+-------------------------------------------
     0 | D:5      | croobank the Felid Delver began the quest for the Orb.
     0 | D:5      | Reached XP level 1. HP: 10/10 MP: 2/2
    29 | D:5      | Noticed an ogre
   452 | D:1      | Found a faded altar of an unknown god.
   460 | D:1      | Prayed at the altar of an unknown god.
   460 | D:1      | Became a worshipper of Dithmenos the Shadowed
   460 | D:1      | Reached * piety under Dithmenos
   584 | D:1      | Reached XP level 2. HP: 14/14 MP: 3/3
  1409 | D:1      | Reached XP level 3. HP: 17/17 MP: 4/4
  1790 | D:2      | Reached skill level 7 in Stealth
  1798 | D:2      | Reached ** piety under Dithmenos
  2340 | D:2      | Identified the +9 war axe of Quick Death {vorpal, rElec
                  | rF++ rC- rCorr}
  3133 | D:3      | Reached XP level 4. HP: 21/21 MP: 5/5
  3283 | D:3      | Found a shimmering blue altar of Sif Muna.
  3957 | D:3      | Reached XP level 5. HP: 12/25 MP: 6/6
  4344 | D:4      | Found a shadowy altar of Dithmenos.
  5075 | D:4      | Found a sacrificial altar of Ru.
  5489 | D:3      | Gained mutation: You are covered in thick fur. (AC +2)
                  | [Felid growth]
  5489 | D:3      | Reached XP level 6. HP: 27/28 MP: 7/7
  5579 | D:4      | Reached skill level 8 in Stealth
  5718 | D:4      | Slain by a killer bee
  5719 | D:4      | Reached XP level 5. HP: -3/25 MP: 6/6
  5748 | D:4      | Reached *** piety under Dithmenos
  5749 | D:4      | Reached skill level 5 in Dodging
  5878 | D:4      | Reached XP level 6. HP: 29/29 MP: 7/7
  6301 | D:5      | Reached skill level 5 in Fighting
  6438 | D:5      | Noticed a sky beast
  6690 | D:5      | Noticed an ice beast
  6933 | D:5      | Reached XP level 7. HP: 33/33 MP: 8/8
  7104 | D:5      | Reached skill level 9 in Stealth
  7615 | D:5      | Reached skill level 5 in Unarmed Combat
  7921 | D:6      | Noticed Blork the orc
  7928 | D:6      | Killed Blork the orc
  7929 | D:6      | Reached XP level 8. HP: 38/38 MP: 9/9
  7968 | D:6      | Reached skill level 10 in Stealth
  8385 | D:6      | Found a staircase to the Ecumenical Temple.
  8448 | D:6      | Found a sparkling altar of Nemelex Xobeh.
  8647 | D:7      | Found Utuhink's Antique Weapon Boutique.
  8692 | D:7      | Reached **** piety under Dithmenos
  8818 | D:7      | Found Riett's Distillery.
  8826 | D:7      | Bought a potion of might for 48 gold pieces
  8860 | D:7      | Noticed a boulder beetle
  9242 | D:7      | Found Vuluydgh's Armour Emporium.
  9247 | D:7      | Noticed a troll
  9254 | D:7      | Killed a troll
  9255 | D:7      | Reached XP level 9. HP: 42/42 MP: 10/10
  9309 | D:7      | Found a flagged portal.
  9350 | D:8      | Reached skill level 11 in Stealth
  9665 | D:7      | Found Bodwaevuuc's Magic Scroll Boutique.
 10010 | D:8      | Noticed a boulder beetle
 10337 | D:8      | Killed a boulder beetle
 10338 | D:8      | Reached skill level 12 in Stealth
 10362 | D:8      | Noticed a death yak
 10362 | D:8      | Noticed a death yak
 10363 | D:8      | Noticed a death yak
 10366 | D:8      | Noticed a death yak
 10368 | D:8      | Noticed a death yak
 10385 | D:8      | Killed a death yak
 10386 | D:8      | Reached skill level 10 in Dodging
 10386 | D:8      | Reached XP level 10. HP: 48/48 MP: 11/11
 10386 | D:8      | Noticed a death yak
 10391 | D:8      | Noticed a death yak
 10393 | D:8      | Killed a death yak
 10480 | D:7      | Slain by a boulder beetle
 10481 | D:7      | Reached XP level 9. HP: -2/45 MP: 10/10
 10540 | D:8      | Noticed a death yak
 10541 | D:8      | Found a staircase to the Lair.
 11126 | D:8      | Found a burning altar of Makhleb.
 11126 | D:8      | Noticed a balrug
 11129 | D:8      | Noticed a hellwing
 11474 | D:9      | Reached ***** piety under Dithmenos
 11558 | D:9      | Reached skill level 13 in Stealth
 12073 | D:10     | Entered Level 10 of the Dungeon
 12087 | D:10     | Noticed Urug
 12102 | D:10     | Killed Urug
 12103 | D:10     | Reached XP level 10. HP: 49/49 MP: 11/11
 12117 | D:10     | Noticed a molten gargoyle
 12121 | D:10     | Noticed a molten gargoyle
 12124 | D:10     | Noticed a molten gargoyle
 12587 | D:10     | Noticed a two-headed ogre
 12661 | D:10     | Found a radiant altar of Vehumet.
 12738 | D:10     | Noticed a molten gargoyle
 12750 | D:11     | Noticed a cyclops
 12808 | D:11     | Noticed a boulder beetle
 12821 | D:11     | Noticed a seven-headed hydra
 12867 | D:11     | Killed a cyclops
 13200 | D:11     | Found a staircase to the Orcish Mines.
 13209 | D:11     | Found a gate leading to a gauntlet.
 13391 | D:11     | Noticed a two-headed ogre
 13649 | D:12     | Noticed a cyclops
 13912 | D:11     | Killed a two-headed ogre
 13992 | Orc:1    | Entered Level 1 of the Orcish Mines
 13994 | Orc:1    | Noticed a cyclops
 14001 | Orc:1    | Killed a cyclops
 14002 | Orc:1    | Reached skill level 14 in Stealth
 14166 | Orc:1    | Reached XP level 11. HP: 53/53 MP: 12/12
 14493 | Orc:1    | Noticed an ettin
 14524 | Orc:1    | Slain by an ettin
 14525 | Orc:1    | Reached XP level 10. HP: -1/50 MP: 11/11
 14527 | Orc:1    | Identified the +5 battleaxe "Nolo" {vamp, Fragile Str+7}
 14529 | Orc:1    | Identified the +1 demon whip of Geckoaka {venom, rN+ rCorr}
 14531 | Orc:1    | Identified the +6 dire flail of Righteous Fury {vorpal,
                  | rPois rF+ rN+ Str+2}
 14538 | Orc:1    | Noticed a cyclops
 14538 | Orc:1    | Noticed a cyclops
 14539 | Orc:1    | Noticed a cyclops
 14541 | Orc:1    | Killed a cyclops
 14542 | Orc:1    | Killed a cyclops
 14544 | Orc:1    | Killed a cyclops
 14545 | Orc:1    | Noticed an ettin
 14545 | Orc:1    | Noticed a frost giant
 14545 | Orc:1    | Noticed an ettin
 14550 | Orc:1    | Noticed a cyclops
 14551 | Orc:1    | Noticed a cyclops
 14552 | Orc:1    | Noticed a cyclops
 14557 | Orc:1    | Killed a cyclops
 14613 | Orc:1    | Noticed an orc sorcerer
 14630 | Orc:1    | Reached skill level 10 in Fighting
 14661 | Orc:1    | Noticed an orc knight
 14680 | Orc:2    | Entered Level 2 of the Orcish Mines
 14777 | Orc:2    | Noticed a cyclops
 14783 | Orc:2    | Noticed an orc knight
 14784 | Orc:2    | Noticed an orc sorcerer
 14789 | Orc:2    | Noticed a two-headed ogre
 14803 | Orc:2    | Found a staircase to the Elven Halls.
 15125 | Orc:1    | Noticed an ettin
 15233 | Orc:2    | Slain by an orc warrior

Illustrated notes

Levels and vault maps discovered:
D:1:      dpeg_arrival_shrine, layout_loops_corners, basic_ecumenical_altar
D:2:      layout_basic, amcnicky_mini_rare_corridor_liquid
D:3:      layout_loops_ring, mainiacjoe_overflow_six_doors_small
D:4:      layout_gridville, grunt_dithmenos_smoke,
          mainiacjoe_overflow_boulevard, kennysheep_minor_cross
D:5:      kennysheep_six_static_rooms, layout_loops_ring, grunt_decor_one_mirror
D:6:      layout_cave_pools, nemelex_diamond_rough_becter,
          minmay_temple_entry_fiery, nrook_uturn, uniq_blork_the_orc
D:7:      layout_gridville, serial_shops, nicolae_shop_advertising_works
          [nicolae_subvault_shop_adworks], nicolae_diamond_shop,
          nicolae_shop_hallway_stairs, shop, enter_bailey_5,
          kennysheep_generic_room_5
D:8:      layout_basic, makhleb_altar_promises_db, dpeg_lair_monsters,
          nrook_mini_vaults
D:9:      layout_small_grid
D:10:     layout_small_grid, vehumet_altar_wand_db, minivault_8, uniq_urug
D:11:     layout_long_grid, david_orc_2, gauntlet_entry_generic
D:12:     layout_irregular_city, chequers_avenue, uniq_psyche
Orc:1:    giant_chief_lemuel, layout_caves, serial_shops, shop
Orc:2:    st_orc_rangers, layout_caves

Skill      XL: |  1  2  3  4  5  6  7  8  9 10 |
---------------+-------------------------------+-----
Dodging        | 3 4 5 6 8 11 12 | 12.4
Stealth        | 7 8 9 10 13 14 | 14.6
Unarmed Combat | 3 4 5 6 8 9 |  9.7
Fighting       | 4 5 6 8 10 | 10.0

Action                   |  1- 3 |  4- 6 |  7- 9 | 10-12 || total
-------------------------+-------+-------+-------+-------++-------
Melee: Unarmed           |   112 |   206 |   342 |   211 ||   871
       Punch             |     3 |     5 |    12 |    16 ||    36
       Bite              |     8 |    19 |    53 |    25 ||   105
Evoke: Wand              |       |       |     2 |    14 ||    16
  Use: Scroll            |     6 |     5 |    11 |    10 ||    32
       Potion            |     3 |     6 |     6 |     3 ||    18
 Stab: Sleeping          |    24 |    15 |    30 |    19 ||    88
       Distracted        |     1 |     1 |     3 |     2 ||     7
       Fleeing           |       |       |     1 |       ||     1
       Paralysed         |       |       |       |     3 ||     3
Armor: Skin              |     3 |     8 |     3 |     2 ||    16
Dodge: Dodged            |    67 |   265 |   340 |   264 ||   936
